[ PARTIDA AOE2 · #507086635 ]
UnrankedPortugueses vs Tupi
Equipo del jugador · VICT
Equipo rival · DERR
[ ANÁLISIS DE REPETICIÓN · EXTRAÍDO DE LA PARTIDA GRABADA ]
Feudal
9:45
Castillos
21:10
Imperial
32:23
| APM promedio | 42.7 |
| APM pico | 79 |
| eAPM promedio | 24.4 |
| Aldeanos / militares | 110 / 45 |
Foco
⚔️ 27.7% · 🌾 72.3%
Archer ×15 · Organ Gun ×13 · Hand Cannoneer ×6 · Bombard Cannon ×3 · Trebuchet (Packed) ×3 · Monk ×2
Feudal
9:41
Castillos
24:27
Imperial
—
| APM promedio | 27.9 |
| APM pico | 55 |
| eAPM promedio | 19.9 |
| Aldeanos / militares | 78 / 7 |
Foco
⚔️ 41.3% · 🌾 58.7%
Unknown (2550) ×28 · Battering Ram ×6 · Monk ×1
Mapa de la partida
Recursos iniciales + cada clic de construcción. Líneas = muros · curvas = relieve. ◆ oro · ⬟ piedra · ● bayas · ✦ reliquia · ◌ hueco del cierre
Tu base· ✓ Cerrada en 21:10 · 0t muro · 3 puerta(s)
Base de gupo57· ✓ Cerrada en 24:27 · 5t muro · 4 puerta(s)
Terreno inicial suavizado · ◌ = hueco del cierre detectado · pasá el cursor para detalles
Inputs por minuto
— Richard Rahl - - gupo57
Build order — Richard Rahl
Primeras 150 de 263 acciones detectadas
| 0:00 | Encolar | Villager (Male) |
| 0:01 | Encolar | Villager (Male) |
| 0:02 | Construir | House |
| 0:04 | Construir | House |
| 0:09 | Encolar | Villager (Male) |
| 0:10 | Encolar | Villager (Male) |
| 1:25 | Encolar | Villager (Male) |
| 1:59 | Encolar | Villager (Male) |
| 1:59 | Encolar | Villager (Male) |
| 2:11 | Construir | Lumber Camp |
| 2:13 | Encolar | Villager (Male) |
| 2:44 | Encolar | Villager (Male) |
| 2:45 | Encolar | Villager (Male) |
| 2:55 | Encolar | Villager (Male) |
| 2:55 | Encolar | Villager (Male) |
| 3:05 | Construir | House |
| 3:06 | Construir | House |
| 3:50 | Encolar | Villager (Male) |
| 3:50 | Encolar | Villager (Male) |
| 4:19 | Encolar | Villager (Male) |
| 4:23 | Encolar | Villager (Male) |
| 4:36 | Encolar | Villager (Male) |
| 5:23 | Construir | Mill |
| 5:25 | Encolar | Villager (Male) |
| 5:27 | Encolar | Villager (Male) |
| 5:47 | Encolar | Villager (Male) |
| 5:47 | Encolar | Villager (Male) |
| 5:53 | Encolar | Villager (Male) |
| 5:53 | Encolar | Villager (Male) |
| 5:53 | Encolar | Villager (Male) |
| 6:06 | Encolar | Villager (Male) |
| 6:19 | Encolar | Villager (Male) |
| 6:19 | Encolar | Villager (Male) |
| 6:34 | Encolar | Villager (Male) |
| 6:53 | Encolar | Villager (Male) |
| 7:07 | Construir | House |
| 7:35 | Investigar | Feudal Age |
| 9:11 | Encolar | Villager (Male) |
| 9:25 | Construir | Barracks |
| 9:45 | Edad | Edad Feudal |
| 9:51 | Investigar | Loom |
| 9:56 | Construir | Mining Camp |
| 9:57 | Investigar | Double-Bit Axe |
| 10:15 | Encolar | Villager (Male) |
| 10:26 | Construir | Archery Range |
| 10:49 | Construir | Watch Tower |
| 11:01 | Construir | Blacksmith |
| 11:04 | Encolar | Villager (Male) |
| 11:06 | Construir | House |
| 11:21 | Encolar | Archer |
| 11:34 | Construir | Mining Camp |
| 11:40 | Encolar | Archer |
| 11:46 | Encolar | Villager (Male) |
| 11:49 | Encolar | Villager (Male) |
| 11:55 | Investigar | Fletching |
| 12:12 | Encolar | Villager (Male) |
| 12:13 | Encolar | Villager (Male) |
| 12:15 | Construir | House |
| 12:30 | Encolar | Archer |
| 12:33 | Construir | House |
| 12:34 | Construir | House |
| 12:37 | Encolar | Archer |
| 12:46 | Encolar | Villager (Male) |
| 12:51 | Encolar | Villager (Male) |
| 13:36 | Encolar | Villager (Male) |
| 13:44 | Encolar | Archer |
| 13:45 | Encolar | Villager (Male) |
| 13:48 | Investigar | Horse Collar |
| 13:50 | Encolar | Villager (Male) |
| 13:53 | Construir | Farm |
| 13:55 | Construir | Farm |
| 13:59 | Construir | Farm |
| 13:59 | Construir | Farm |
| 14:00 | Construir | Farm |
| 14:10 | Encolar | Archer |
| 14:11 | Encolar | Villager (Male) |
| 14:18 | Encolar | Villager (Male) |
| 14:24 | Construir | Farm |
| 14:43 | Encolar | Archer |
| 14:44 | Encolar | Villager (Male) |
| 14:52 | Encolar | Villager (Male) |
| 14:58 | Investigar | Stone Mining |
| 15:01 | Investigar | Gold Mining |
| 15:01 | Encolar | Villager (Male) |
| 15:03 | Encolar | Villager (Male) |
| 15:16 | Encolar | Archer |
| 15:23 | Encolar | Villager (Male) |
| 15:32 | Construir | Watch Tower |
| 15:42 | Construir | House |
| 15:43 | Construir | House |
| 15:49 | Encolar | Archer |
| 15:51 | Encolar | Villager (Male) |
| 16:20 | Construir | Farm |
| 16:21 | Construir | Farm |
| 16:33 | Encolar | Villager (Male) |
| 16:55 | Encolar | Villager (Male) |
| 17:03 | Construir | Market |
| 17:10 | Encolar | Archer |
| 17:39 | Encolar | Villager (Male) |
| 17:40 | Encolar | Villager (Male) |
| 18:21 | Construir | Farm |
| 18:23 | Construir | Farm |
| 18:30 | Investigar | Castle Age |
| 18:55 | Construir | Lumber Camp |
| 19:09 | Encolar | Archer |
| 19:30 | Construir | House |
| 19:32 | Construir | House |
| 19:32 | Construir | House |
| 19:43 | Encolar | Archer |
| 20:12 | Encolar | Villager (Male) |
| 20:25 | Encolar | Archer |
| 20:43 | Construir | Outpost |
| 21:10 | Edad | Edad de los Castillos |
| 21:17 | Construir | Castle |
| 21:22 | Investigar | Bodkin Arrow |
| 21:25 | Investigar | Crossbowman (upgrade) |
| 21:27 | Encolar | Villager (Male) |
| 21:33 | Investigar | Bow Saw |
| 21:41 | Construir | Siege Workshop |
| 21:47 | Construir | Monastery |
| 22:10 | Construir | Town Center |
| 22:23 | Construir | Outpost |
| 22:28 | Encolar | Organ Gun |
| 22:35 | Encolar | Villager (Male) |
| 22:37 | Construir | Farm |
| 22:40 | Construir | Farm |
| 23:00 | Encolar | Villager (Male) |
| 23:10 | Encolar | Villager (Male) |
| 23:22 | Encolar | Organ Gun |
| 23:33 | Construir | Siege Workshop |
| 23:36 | Encolar | Villager (Male) |
| 23:39 | Encolar | Villager (Male) |
| 23:50 | Encolar | Villager (Male) |
| 23:51 | Encolar | Villager (Male) |
| 23:53 | Encolar | Organ Gun |
| 23:55 | Encolar | Villager (Male) |
| 24:30 | Encolar | Mangonel |
| 24:32 | Encolar | Battering Ram |
| 24:37 | Construir | Stable |
| 24:39 | Encolar | Villager (Male) |
| 24:42 | Encolar | Organ Gun |
| 24:42 | Encolar | Villager (Male) |
| 24:44 | Encolar | Villager (Male) |
| 24:45 | Encolar | Villager (Male) |
| 25:02 | Construir | Farm |
| 25:03 | Construir | Farm |
| 25:04 | Construir | Farm |
| 25:05 | Construir | Farm |
| 25:07 | Construir | Farm |
| 25:08 | Construir | Farm |
Build order — gupo57
Primeras 150 de 164 acciones detectadas
| 0:00 | Encolar | Villager (Male) |
| 0:02 | Construir | House |
| 0:03 | Construir | House |
| 0:21 | Encolar | Villager (Male) |
| 0:21 | Encolar | Villager (Male) |
| 0:23 | Encolar | Villager (Male) |
| 1:06 | Encolar | Villager (Male) |
| 1:59 | Encolar | Villager (Male) |
| 1:59 | Encolar | Villager (Male) |
| 2:25 | Encolar | Villager (Male) |
| 2:52 | Encolar | Villager (Male) |
| 3:03 | Encolar | Villager (Male) |
| 3:03 | Encolar | Villager (Male) |
| 3:03 | Encolar | Villager (Male) |
| 3:16 | Construir | Settlement |
| 3:47 | Encolar | Villager (Male) |
| 3:47 | Encolar | Villager (Male) |
| 4:12 | Encolar | Villager (Male) ×2 |
| 4:55 | Encolar | Villager (Male) |
| 4:55 | Encolar | Villager (Male) |
| 5:06 | Construir | House |
| 5:17 | Encolar | Villager (Male) ×4 |
| 5:54 | Construir | Barracks |
| 5:58 | Encolar | Villager (Male) |
| 5:58 | Encolar | Villager (Male) |
| 5:58 | Encolar | Villager (Male) |
| 6:02 | Encolar | Villager (Male) |
| 6:03 | Encolar | Villager (Male) |
| 6:04 | Investigar | Loom |
| 6:51 | Encolar | Unit 2550 |
| 7:05 | Investigar | Feudal Age |
| 7:15 | Construir | Settlement |
| 7:40 | Encolar | Unit 2550 |
| 7:40 | Encolar | Unit 2550 |
| 7:41 | Encolar | Unit 2550 |
| 9:37 | Encolar | Villager (Male) |
| 9:38 | Encolar | Villager (Male) |
| 9:41 | Edad | Edad Feudal |
| 9:45 | Construir | Settlement |
| 9:50 | Investigar | Tech 1402 |
| 10:13 | Encolar | Villager (Male) |
| 10:13 | Encolar | Villager (Male) |
| 10:28 | Construir | Watch Tower |
| 10:33 | Encolar | Unit 2550 |
| 10:34 | Encolar | Unit 2550 |
| 10:39 | Investigar | Double-Bit Axe |
| 11:02 | Encolar | Villager (Male) |
| 11:35 | Construir | Watch Tower |
| 11:55 | Encolar | Villager (Male) ×2 |
| 12:38 | Encolar | Villager (Male) |
| 12:42 | Construir | Blacksmith |
| 14:01 | Encolar | Villager (Male) ×4 |
| 14:37 | Investigar | Fletching |
| 15:17 | Encolar | Villager (Male) |
| 15:17 | Encolar | Villager (Male) |
| 15:19 | Construir | Farm |
| 15:20 | Construir | Farm |
| 15:21 | Construir | Farm |
| 15:53 | Encolar | Villager (Male) |
| 15:56 | Construir | Farm |
| 16:27 | Construir | Settlement |
| 16:46 | Construir | Watch Tower |
| 16:56 | Encolar | Villager (Male) |
| 16:56 | Encolar | Villager (Male) |
| 17:12 | Construir | Farm |
| 17:13 | Encolar | Villager (Male) |
| 17:15 | Construir | Farm |
| 17:18 | Construir | Farm |
| 17:31 | Construir | Farm |
| 17:37 | Encolar | Villager (Male) |
| 17:39 | Encolar | Villager (Male) ×3 |
| 18:01 | Construir | Farm |
| 18:05 | Construir | Farm |
| 18:08 | Construir | Farm |
| 18:32 | Construir | Stone Wall |
| 18:34 | Construir | Gate |
| 18:35 | Construir | Stone Wall |
| 18:46 | Construir | Farm |
| 18:55 | Encolar | Villager (Male) |
| 18:55 | Encolar | Villager (Male) |
| 18:57 | Construir | Farm |
| 19:14 | Construir | Farm |
| 19:20 | Construir | Farm |
| 19:23 | Construir | Farm |
| 19:31 | Construir | Farm |
| 19:36 | Encolar | Villager (Male) |
| 19:42 | Construir | Farm |
| 20:07 | Construir | Farm |
| 20:09 | Construir | Farm |
| 20:27 | Construir | Market |
| 20:43 | Encolar | Villager (Male) |
| 21:07 | Construir | Farm |
| 21:28 | Construir | Watch Tower |
| 21:32 | Construir | Watch Tower |
| 21:47 | Investigar | Castle Age |
| 21:53 | Investigar | Horse Collar |
| 21:54 | Investigar | Gold Mining |
| 22:28 | Investigar | Stone Mining |
| 23:17 | Construir | Barracks |
| 23:26 | Investigar | Scale Mail Armor |
| 23:26 | Investigar | Forging |
| 23:48 | Construir | Watch Tower |
| 24:27 | Edad | Edad de los Castillos |
| 24:44 | Investigar | Tech 1351 |
| 24:45 | Investigar | Chain Mail Armor |
| 24:48 | Investigar | Squires |
| 24:53 | Encolar | Villager (Male) |
| 24:54 | Encolar | Villager (Male) |
| 25:02 | Investigar | Wheelbarrow |
| 25:04 | Construir | Farm |
| 25:06 | Construir | Farm |
| 25:11 | Encolar | Unit 2550 ×5 |
| 25:23 | Construir | Castle |
| 25:40 | Construir | Farm |
| 25:58 | Encolar | Unit 2550 ×2 |
| 26:23 | Encolar | Unit 2550 ×4 |
| 26:38 | Encolar | Villager (Male) |
| 27:33 | Construir | Gate |
| 27:58 | Construir | Siege Workshop |
| 28:01 | Encolar | Villager (Male) |
| 28:02 | Encolar | Villager (Male) |
| 28:25 | Encolar | Villager (Male) |
| 28:30 | Construir | Farm |
| 28:30 | Construir | Farm |
| 28:38 | Construir | Town Center |
| 29:09 | Encolar | Villager (Male) |
| 29:10 | Encolar | Villager (Male) |
| 29:28 | Investigar | Arson |
| 29:47 | Encolar | Villager (Male) |
| 29:47 | Encolar | Villager (Male) |
| 30:00 | Construir | Castle |
| 30:33 | Encolar | Villager (Male) |
| 30:34 | Encolar | Villager (Male) |
| 31:15 | Encolar | Villager (Male) |
| 31:16 | Encolar | Villager (Male) |
| 31:19 | Encolar | Villager (Male) |
| 31:28 | Construir | Monastery |
| 31:33 | Encolar | Villager (Male) |
| 31:41 | Encolar | Villager (Male) |
| 31:57 | Encolar | Monk |
| 32:01 | Construir | Settlement |
| 32:09 | Encolar | Villager (Male) |
| 32:09 | Encolar | Villager (Male) |
| 32:12 | Construir | Farm |
| 32:21 | Encolar | Villager (Male) |
| 32:21 | Encolar | Villager (Male) |
| 32:38 | Encolar | Battering Ram |
| 32:42 | Investigar | Tech 1392 |
| 32:45 | Encolar | Unit 2550 ×5 |
| 33:02 | Construir | Farm |
Cronología de la partida
| 5:54 | gupo57 · first_building Barracks |
| 9:25 | Richard Rahl · first_building Barracks |
| 9:41 | gupo57 · age_up feudal |
| 9:45 | Richard Rahl · age_up feudal |
| 10:26 | Richard Rahl · first_building Archery Range |
| 18:05 | Richard Rahl · first_market_buy 100 food |
| 18:08 | Richard Rahl · first_market_sell 100 wood |
| 18:32 | gupo57 · wall_segment Stone Wall x3 |
| 18:35 | gupo57 · wall_segment Stone Wall x2 |
| 21:10 | Richard Rahl · age_up castle |
| 21:17 | Richard Rahl · first_building Castle |
| 21:41 | Richard Rahl · first_building Siege Workshop |
| 21:47 | Richard Rahl · first_building Monastery |
| 24:27 | gupo57 · age_up castle |
| 24:37 | Richard Rahl · first_building Stable |
| 25:23 | gupo57 · first_building Castle |
| 25:30 | Richard Rahl · wall_segment Stone Wall x3 |
| 25:32 | Richard Rahl · wall_segment Stone Wall x16 |
| 26:21 | gupo57 · first_market_sell 100 stone |
| 27:42 | Richard Rahl · wall_segment Stone Wall x10 |
| 27:58 | gupo57 · first_building Siege Workshop |
| 31:28 | gupo57 · first_building Monastery |
| 32:23 | Richard Rahl · age_up imperial |
| 34:52 | Richard Rahl · wall_segment Stone Wall x2 |
| 34:54 | Richard Rahl · wall_segment Stone Wall x18 |
| 35:24 | gupo57 · first_market_buy 100 stone |
| 36:11 | gupo57 · resign |
[ ANÁLISIS IA · 1 CRÉDITO ]
¿Qué pasó realmente en esta partida?
Wolo.gg analiza cada decisión: build order, eco, micro, errores típicos por bracket. Análisis personalizado por WhatsApp o Discord en 30 segundos.
Guía civ
Portugueses
Perfil
Jugador #1777971